 Dungeon Crawl Stone Soup version 0.20.1-1-g8b1a95d66d (webtiles) character file.

136049 Conan the Protected (level 16, 0/143 HPs)
             Began as a Minotaur Hunter on Nov 22, 2017.
             Was a High Priest of Qazlal.
             Killed by divine providence
             ... invoked by a smoke demon
              (12 damage)
             ... on level 2 of the Abyss on Nov 30, 2017.
             The game lasted 05:19:20 (25952 turns).

Conan the Protected (Minotaur Hunter)              Turns: 25952, Time: 05:19:21

Health: 0/143      AC: 17    Str: 27    XL:     16   Next: 65%
Magic:  22/22      EV: 23    Int:  8    God:    Qazlal [*****.]
Gold:   1735       SH: 14    Dex: 18    Spells: 15/15 levels left

rFire    . . .     SeeInvis .   b - +5 war axe (elec)
rCold    + . .     Gourm    .   W - +0 buckler of Kifej {Str+3 Dex+4}
rNeg     + . .     Faith    +   V - +0 troll leather armour
rPois    .         Spirit   .   X - +2 hat
rElec    .         Reflect  .   t - +1 cloak
rCorr    .         Harm     .   v - +2 pair of gloves {Str+3}
MR       ++...                  (no boots)
Stlth    +.........             A - amulet of faith
Regen    0.0/turn               F - ring of protection from cold
MPRegen  0.2/turn               J - ring of Xuaraha {rF- rN+ MR+ Str+2}

@: protected from fire, non-regenerating, mildly diseased, hasted, drained,
repel missiles, very quick
A: retaliatory headbutt, horns 2, yellow scales 1, clumsy 1
a: Upheaval, Elemental Force, Disaster Area, Renounce Religion


You were on level 2 of the Abyss.
You worshipped Qazlal.
Qazlal was extremely pleased with you.
You were not hungry.

You visited 4 branches of the dungeon, and saw 24 of its levels.
You visited the Abyss 2 times.
You visited 1 bazaar.
You also visited: Bailey.

You collected 2486 gold pieces.
You spent 751 gold pieces at shops.


Innate Abilities, Weirdness & Mutations

You reflexively headbutt those who attack you in melee.
You have a pair of horns on your head.
You are partially covered in yellow scales. (AC +2)
You are clumsy. (Dex -2)


   Skills:
 + Level 13.1(13.0) Fighting
 + Level 13.6(15.1) Axes
 - Level 11.6(14.1) Maces & Flails
   Level 5.5(5.4) Slings
 - Level 8.2(8.1) Crossbows
 + Level 14.8 Armour
 + Level 13.9 Dodging
 - Level 0.7(0.6) Stealth
 + Level 11.3(11.2) Shields
 + Level 10.2(10.1) Invocations
 - Level 3.1 Evocations


You had 15 spell levels left.
You didn't know any spells.

Inventory:

Hand Weapons
 a - a +1 hand crossbow
 b - a +5 war axe of electrocution (weapon)
 c - a +0 vampiric whip
 d - a +0 scimitar of flaming
 e - a +0 flail of protection
 C - a +1 glaive of pain
 D - a +2 bardiche of freezing
 E - a +1 battleaxe of distortion
 L - a +0 flail of protection
 N - a +3 great mace
 U - a +0 blowgun
Missiles
 p - 294 bolts
 s - 4 throwing nets {=f}
 Q - 18 curare-tipped needles {=f}
Armour
 t - a +1 cloak (worn)
 v - a +2 pair of gloves of strength (worn)
 z - a +2 shield of protection
 I - the +8 scale mail of Undesirable Species {+Fly rF+ Stlth+}

   It protects you from fire.
   It lets you fly.
   It makes you more stealthy.
 V - a +0 troll leather armour (worn)
 W - the +0 buckler of Kifej (worn) {Str+3 Dex+4}

   It affects your strength (+3).
   It affects your dexterity (+4).
 X - a +2 hat (worn)
Jewellery
 A - an amulet of faith (around neck)
 F - a ring of protection from cold (left hand)
 J - the ring of Xuaraha (right hand) {rF- rN+ MR+ Str+2}

   [ring of protection from magic]

   It affects your strength (+2).
   It makes you vulnerable to fire.
   It protects you from negative energy.
   It affects your resistance to hostile enchantments.
 M - an uncursed ring of ice
Wands
 B - a wand of polymorph (14/24)
 H - a wand of iceblast (9/15)
 K - a wand of lightning (0/15)
Scrolls
 j - 2 scrolls of fog
 l - a scroll of holy word {unknown}
 n - 11 scrolls of teleportation {@r4}
 w - 2 scrolls of magic mapping
 y - 9 scrolls of remove curse
 P - 3 scrolls of blinking
 Y - 2 scrolls of recharging {unknown}
Potions
 k - 2 potions of cancellation {unknown}
 m - 2 potions of invisibility {unknown}
 q - 5 potions of haste {@q3}
 u - a potion of ambrosia
 G - a potion of might
Miscellaneous
 Z - a lightning rod (4/4)
Comestibles
 f - 9 bread rations
 h - 11 meat rations
 i - 13 chunks of flesh
 o - 28 royal jellies
 x - 24 fruits

Dungeon Overview and Level Annotations

Branches:
Dungeon (15/15)            Temple (1/1) D:7            Lair (6/6) D:10
 Shoals (0/4) Lair:4        Snake (0/4) Lair:4        Slime (0/5) Lair:6
    Orc (2/2) D:10            Elf (0/3) Orc:2        Vaults (0/5) D:13
 Depths: D:15

Altars:
Ashenzari
Dithmenos
Fedhas
Gozag
Hepliaklqana
Kikubaaqudgha
Makhleb
Nemelex Xobeh
Qazlal
Ru
Trog
Uskayaw
Xom
Zin
The Shining One

Shops:
D:9 [   Orc:1 (}=   Orc:2 [**=!%

Annotations:
D:1 cleared
D:2 cleared
D:3 cleared
D:4 cleared
D:6 cleared
D:7 cleared
D:8 cleared
D:9 cleared
D:10 cleared
D:11 cleared
D:12 cleared
D:13 cleared
D:14 cleared
D:15 Louise
Lair:1 cleared
Lair:2 cleared
Lair:3 cleared
Lair:4 cleared
Lair:5 cleared
Orc:1 cleared

#...#### ♣♣♣♣♣♣ # #
..#..#......♣♣ ♣♣♣
... .....#...♣♣. ..
#...#..#.♣♣.... ♣
##.#.....♣.! ... ..
##.##.#>.#♣.....♣..
#...#X§#.#♣ >....
.. ##.#X§3#x#♣ ...#
.. #@#.§§##§♣♣♣. ..
♣ #...§#.#.#§.
§.#♣♣♣ ♣♣
#.##..#..#..... . .
..#.###.# .##.#
.#... ..#... # # .
#. ######. # . ##
..


You could see a thrashing horror, a large abomination and a smoke demon.


Message History

The smoke demon gestures at you. The ball of steam hits you!
A large abomination comes into view.
You feel yourself speed up.
You hear a roar!
Something barely misses you. Something tramples you!
* * * LOW HITPOINT WARNING * * *
You hold your ground!
You block the smoke demon's attack. The smoke demon misses you.
The smoke demon hits you but does no damage.
Something closely misses you.
Something tramples you but does no damage.
The large abomination is engulfed in a cloud of scalding steam.
A thrashing horror comes into view.
The thrashing horror roars!
You hear a roar!
You hear a bark!
The smoke demon gestures at you. The ball of steam hits you!
Your resistance to physical damage fades away.
You feel protected from fire. Qazlal accepts your kill.
Reactivating autopickup.
You feel a bit more experienced.
The thrashing horror is engulfed in blazing flames.
The smoke demon gestures at you. Something smites you!
You die...

Action                   |  1- 3 |  4- 6 |  7- 9 | 10-12 | 13-15 | 16-18 || total
-------------------------+-------+-------+-------+-------+-------+-------++-------
Melee: Short sword       |    18 |    23 |       |       |       |       ||    41
       Headbutt          |     6 |    21 |    65 |   122 |   361 |    63 ||   638
       Hand axe          |       |   114 |   132 |       |       |       ||   246
       War axe           |       |       |   195 |    34 |   338 |   183 ||   750
       Flail             |       |       |       |   483 |   708 |     8 ||  1199
       Broad axe         |       |       |       |     2 |    58 |       ||    60
       Scimitar          |       |       |       |       |     7 |       ||     7
       Long sword        |       |       |       |       |    15 |       ||    15
 Fire: Hand crossbow     |    42 |    47 |    95 |   271 |   234 |     5 ||   694
       Hunting sling     |       |       |       |       |   451 |       ||   451
Throw: Stone             |       |       |       |       |     1 |       ||     1
Invok: Upheaval          |       |       |       |     1 |    14 |    12 ||    27
       Elemental Force   |       |       |       |       |     4 |     1 ||     5
 Abil: Evoke Flight      |       |       |       |       |    10 |       ||    10
       Stop Flying       |       |       |       |       |     3 |       ||     3
Evoke: Wand              |       |       |       |     2 |       |       ||     2
  Use: Scroll            |       |       |     6 |     4 |    12 |     1 ||    23
       Potion            |       |       |       |     1 |     2 |    18 ||    21
 Stab: Invisible         |       |       |     1 |       |       |       ||     1
       Sleeping          |       |       |     1 |       |       |       ||     1
       Petrified         |       |       |       |       |    17 |       ||    17
       Petrifying        |       |       |       |       |     1 |       ||     1
  Eat: Chunk             |       |     6 |    12 |    33 |    31 |     2 ||    84
       Fruit             |       |       |       |     2 |     3 |       ||     5
Armor: Leather armour    |     2 |     1 |       |       |       |       ||     3
       Scale mail        |       |    78 |   142 |   212 |   269 |    31 ||   732
       Troll leather arm |       |       |       |       |     8 |    43 ||    51
Dodge: Dodged            |    10 |    68 |   133 |   305 |   520 |   166 ||  1202
       Deflected         |       |       |       |       |    23 |     7 ||    30
Block: Buckler           |       |    25 |    70 |   255 |   684 |   123 ||  1157
       Rpst.: Scimitar   |       |       |       |       |     5 |       ||     5
       Long sword        |       |       |       |       |     4 |       ||     4

Vault maps used:
D:1:      nicolae_arrival_washed_ashore
D:2:      uniq_jessica, uniq_terence
D:3:      overflow_temple_1_default, lemuel_doored_altar,
          eat_drink_and_be_merry_uskayaw, first_bread, kennysheep_cross_room
D:5:      lemuel_upstairs_altar, grunt_temple_overflow_champion_of_chaos,
          grunt_tough_drop, uniq_sigmund, uniq_eustachio, uniq_ijyb
D:6:      lemuel_ratsnest, basic_altar
D:7:      minmay_temple_entry_junction, minivault_27,
          nicolae_qazlal_style_of_elements
D:8:      lemuel_coloured_pillars_altar
D:9:      chequers_temple_overflow_minitemple, serial_shops, shop,
          minmay_sticks_and_stones, uniq_erolcha, uniq_psyche
D:10:     erik_lair_island, orc_0_dummy, hangedman_little_slice_of_home,
          kennysheep_generic_room_8
D:11:     basic_altar
D:12:     uniq_frances
D:13:     erik_vaults_1, xom_shifter_show, uniq_sonja
D:14:     nicolae_sextant, serial_bayou_pond_c
D:15:     grunt_enter_depths_snipers, moated_statue,
          nicolae_transmutations_shop, uniq_louise
Temple:   jpeg_temple_clearing
Lair:1:   beast_lair_carwin_large_2, lemuel_fruit_fields, grunt_megastairs_4,
          uniq_harold
Lair:2:   beast_lair_carwin_large_1, infiniplex_staircase_pool_2, uniq_erica
Lair:3:   special_room, serial_bayou_shore_b, serial_bayou_shore_b
Lair:4:   minmay_shoals_entry_hut, dummy_snake_entry, basic_altar,
          kennysheep_catoblepas_arena, grunt_megastairs_2
Lair:5:   lemuel_fruit_fields, infiniplex_staircase_pool
Lair:6:   grunt_lair_end_beastmaster, nicolae_slime_entry_slimehenge,
          fungi_pond_lemuel, ice2_lemuel
Orc:1:    enter_bailey_8, serial_shops, shop, nicolae_shop_crystal,
          nicolae_shop_behind_doors
Orc:2:    st_orc_mages, serial_shops, bzr_firewalk,
          nicolae_shop_temple_entry_statues_fountains, nicolae_shop_statue_plus,
          shop
Bazaar:   bazaar_jpeg_ninerooms_5
Bailey:   bailey_polearm_2, bailey

Notes
Turn   | Place    | Note
-------+----------+-------------------------------------------
     0 | D:1      | Conan the Minotaur Hunter began the quest for the Orb.
     0 | D:1      | Reached XP level 1. HP: 18/18 MP: 0/0
   220 | D:1      | Reached XP level 2. HP: 25/25 MP: 1/1
   483 | D:2      | Reached skill level 1 in Armour
   646 | D:2      | Noticed Jessica
   651 | D:2      | Killed Jessica
   651 | D:2      | Reached skill level 3 in Fighting
   651 | D:2      | Reached XP level 3. HP: 30/31 MP: 2/2
   700 | D:2      | Reached skill level 3 in Dodging
   721 | D:2      | Reached skill level 2 in Armour
   727 | D:2      | Reached skill level 5 in Crossbows
   727 | D:2      | Reached XP level 4. HP: 38/38 MP: 3/3
   876 | D:2      | Noticed Terence
   881 | D:2      | Killed Terence
   889 | D:2      | Reached skill level 1 in Shields
  1428 | D:2      | Reached XP level 5. HP: 45/45 MP: 4/4
  1531 | D:3      | Found a hide-covered altar of Uskayaw.
  1540 | D:3      | Reached skill level 1 in Axes
  1737 | D:3      | Found a hazy altar of Hepliaklqana.
  1834 | D:3      | Found a shadowy altar of Dithmenos.
  2261 | D:4      | Reached skill level 2 in Axes
  2261 | D:4      | Reached skill level 3 in Armour
  2261 | D:4      | Reached skill level 2 in Shields
  2459 | D:4      | Reached XP level 6. HP: 39/51 MP: 5/5
  2583 | D:4      | Reached skill level 3 in Axes
  2583 | D:4      | Reached skill level 3 in Shields
  2679 | D:4      | Reached skill level 4 in Armour
  2928 | D:5      | Entered Level 5 of the Dungeon
  2939 | D:5      | Reached XP level 7. HP: 57/57 MP: 6/6
  2967 | D:5      | Reached skill level 4 in Axes
  3020 | D:5      | Reached skill level 4 in Shields
  3052 | D:5      | Reached skill level 5 in Armour
  3121 | D:5      | Noticed Eustachio
  3359 | D:5      | Noticed Ijyb
  3382 | D:5      | Killed Ijyb
  3470 | D:5      | Found a shimmering altar of Xom.
  3471 | D:5      | Found a burning altar of Makhleb.
  3471 | D:5      | Paralysed by a crimson imp for 6 turns
  3816 | D:5      | Noticed Sigmund
  3824 | D:5      | Killed Sigmund
  3824 | D:5      | Reached skill level 5 in Axes
  3824 | D:5      | Reached skill level 5 in Shields
  3920 | D:5      | Killed Eustachio
  3920 | D:5      | Reached XP level 8. HP: 64/64 MP: 7/7
  4143 | D:6      | Got a shimmering scale mail
  4154 | D:6      | Identified the +8 scale mail of Undesirable Species {+Fly rF+ Stlth+} (You found it on level 6 of the Dungeon)
  4492 | D:6      | Found a hide-covered altar of Uskayaw.
  4556 | D:6      | Reached skill level 4 in Fighting
  4692 | D:6      | Reached skill level 6 in Armour
  4702 | D:6      | Reached skill level 4 in Dodging
  4726 | D:6      | Reached skill level 6 in Axes
  4731 | D:6      | Reached skill level 6 in Shields
  4896 | D:6      | Reached skill level 6 in Crossbows
  5135 | D:7      | Found a staircase to the Ecumenical Temple.
  5144 | Temple   | Entered the Ecumenical Temple
  5180 | Temple   | Became a worshipper of Qazlal Stormbringer
  5235 | D:7      | Reached skill level 5 in Fighting
  5235 | D:7      | Reached XP level 9. HP: 49/74 MP: 8/8
  5399 | D:7      | Found a stormy altar of Qazlal.
  5593 | D:7      | Got a crystal short sword
  5594 | D:7      | Identified the +2 short sword of Irritation {pierce, Fragile Int+9} (You found it on level 7 of the Dungeon)
  5887 | D:8      | Noticed a brown ugly thing
  5895 | D:8      | Killed a brown ugly thing
  5895 | D:8      | Reached skill level 7 in Axes
  5895 | D:8      | Reached skill level 7 in Armour
  5895 | D:8      | Reached skill level 5 in Dodging
  6071 | D:8      | Noticed a two-headed ogre
  6079 | D:8      | Killed a two-headed ogre
  6079 | D:8      | Reached skill level 6 in Fighting
  6079 | D:8      | Reached skill level 7 in Shields
  6090 | D:8      | Reached skill level 7 in Crossbows
  6260 | D:8      | Found a blossoming altar of Fedhas.
  6325 | D:8      | Noticed a two-headed ogre
  6343 | D:8      | Killed a two-headed ogre
  6343 | D:8      | Reached skill level 8 in Axes
  6343 | D:8      | Reached skill level 8 in Armour
  6343 | D:8      | Reached skill level 6 in Dodging
  6343 | D:8      | Reached XP level 10. HP: 23/84 MP: 9/9
  6609 | D:8      | Reached * piety under Qazlal
  6837 | D:8      | Killed an unseen horror
  6837 | D:8      | Reached skill level 1 in Maces & Flails
  6993 | D:8      | Reached skill level 8 in Shields
  7330 | D:9      | Reached skill level 2 in Maces & Flails
  7561 | D:9      | Noticed Psyche
  7572 | D:9      | Killed Psyche
  7572 | D:9      | Reached skill level 3 in Maces & Flails
  7572 | D:9      | Reached skill level 7 in Dodging
  7672 | D:9      | Noticed Erolcha
  7679 | D:9      | Noticed Joseph
  7721 | D:9      | Killed Joseph
  7721 | D:9      | Reached skill level 9 in Armour
  7805 | D:9      | Reached skill level 4 in Maces & Flails
  7828 | D:9      | Found an opulent altar of Gozag.
  7828 | D:9      | Found a faded altar of an unknown god.
  7833 | D:9      | Found a sacrificial altar of Ru.
  7835 | D:9      | Found a glowing golden altar of the Shining One.
  7836 | D:9      | Found a sparkling altar of Nemelex Xobeh.
  7906 | D:9      | Found Gelaec's Antique Armour Shoppe.
  7910 | D:9      | Bought an ancient chain mail for 313 gold pieces
  7920 | D:9      | Identified the cursed +1 chain mail "Coebbig" {*Slow rPois rC+++ Str-4} (You bought it in a shop on level 9 of the Dungeon)
  8118 | D:10     | Entered Level 10 of the Dungeon
  8141 | D:10     | Reached ** piety under Qazlal
  8172 | D:10     | Found a staircase to the Orcish Mines.
  8206 | D:10     | Noticed a two-headed ogre
  8206 | D:10     | Reached skill level 1 in Invocations
  8220 | D:10     | Killed a two-headed ogre
  8220 | D:10     | Reached skill level 5 in Maces & Flails
  8220 | D:10     | Reached XP level 11. HP: 71/91 MP: 9/11
  8267 | D:10     | Reached skill level 8 in Dodging
  8267 | D:10     | Reached skill level 2 in Invocations
  8287 | D:10     | Found a staircase to the Lair.
  8633 | D:10     | Got a pitted buckler
  8644 | D:10     | Identified the cursed +0 buckler of Kifej {Str+3 Dex+4} (You found it on level 10 of the Dungeon)
  9110 | Lair:1   | Entered Level 1 of the Lair of Beasts
  9126 | Lair:1   | Reached skill level 10 in Armour
  9126 | Lair:1   | Reached skill level 3 in Invocations
  9299 | Lair:1   | Reached skill level 6 in Maces & Flails
  9320 | Lair:1   | Reached skill level 1 in Evocations
  9447 | Lair:1   | Reached *** piety under Qazlal
  9518 | Lair:1   | Reached skill level 2 in Evocations
  9629 | Lair:1   | Noticed Harold
  9641 | Lair:1   | Reached skill level 9 in Dodging
  9671 | Lair:1   | Killed Harold
  9671 | Lair:1   | Reached skill level 7 in Maces & Flails
 10071 | Lair:1   | Reached skill level 3 in Evocations
 10313 | Lair:2   | Reached skill level 8 in Maces & Flails
 10550 | Lair:2   | Reached skill level 4 in Invocations
 10596 | Lair:2   | Reached skill level 7 in Fighting
 10655 | Lair:2   | Noticed Erica
 10655 | Lair:2   | Noticed a six-headed hydra
 10660 | Lair:2   | Killed a six-headed hydra
 10660 | Lair:2   | Reached XP level 12. HP: 66/100 MP: 14/14
 10674 | Lair:2   | Noticed a four-headed hydra
 10676 | Lair:2   | Killed Erica
 10676 | Lair:2   | Reached skill level 10 in Dodging
 10679 | Lair:2   | Killed a four-headed hydra
 11597 | Lair:3   | Reached skill level 8 in Fighting
 11612 | Lair:3   | Reached skill level 5 in Invocations
 11762 | Lair:3   | Reached skill level 9 in Axes
 11777 | Lair:3   | Reached **** piety under Qazlal
 11777 | Lair:3   | Reached skill level 9 in Maces & Flails
 11808 | Lair:3   | Reached skill level 8 in Crossbows
 11817 | Lair:3   | Noticed a seven-headed hydra
 11826 | Lair:3   | Killed a seven-headed hydra
 12325 | Lair:3   | Noticed a four-headed hydra
 12333 | Lair:3   | Killed a four-headed hydra
 12602 | Lair:4   | Reached skill level 9 in Shields
 12679 | Lair:4   | Found a staircase to the Snake Pit.
 12845 | Lair:4   | Noticed a seven-headed hydra
 12862 | Lair:4   | Killed a seven-headed hydra
 12862 | Lair:4   | Reached skill level 11 in Armour
 12921 | Lair:4   | Found a shattered altar of Ashenzari.
 12958 | Lair:4   | Reached XP level 13. HP: 106/110 MP: 15/15
 13007 | Lair:4   | You fall through a shaft for 2 floors!
 13007 | Lair:6   | Entered Level 6 of the Lair of Beasts
 13215 | Lair:6   | Reached skill level 9 in Fighting
 13257 | Lair:6   | Reached ***** piety under Qazlal
 13353 | Lair:6   | Got a scorched glass ring
 13355 | Lair:6   | Identified the ring of Xuaraha {rF- rN+ MR+ Str+2} (You found it on level 6 of the Lair of Beasts)
 13724 | Lair:4   | Found a staircase to the Shoals.
 14056 | Lair:1   | Reached skill level 11 in Dodging
 14286 | Lair:5   | Reached skill level 1 in Slings
 14293 | Lair:5   | Reached skill level 10 in Maces & Flails
 14642 | Lair:5   | Reached skill level 10 in Axes
 14840 | Lair:6   | Reached skill level 2 in Slings
 14844 | Lair:6   | Reached skill level 10 in Shields
 15054 | Lair:6   | Found a staircase to the Slime Pits.
 15090 | Lair:6   | Reached skill level 3 in Slings
 15090 | Lair:6   | Reached skill level 6 in Invocations
 15246 | Lair:6   | Reached skill level 12 in Armour
 15449 | Lair:6   | Reached XP level 14. HP: 82/119 MP: 17/17
 15797 | Lair:6   | Reached skill level 10 in Fighting
 15996 | Lair:6   | Reached skill level 4 in Slings
 16937 | D:9      | Killed Erolcha
 17024 | Orc:1    | Entered Level 1 of the Orcish Mines
 17024 | Orc:1    | Found Koihuaha's Weapon Shoppe.
 17240 | Orc:1    | Found a flagged portal.
 17337 | Orc:1    | Found Macs's Jewellery Shop.
 17359 | Orc:1    | Noticed a stone giant
 17373 | Orc:1    | Killed a stone giant
 17592 | Bailey   | Entered a bailey
 18353 | Orc:1    | Found Beto's Gadget Shoppe.
 18633 | Orc:2    | Entered Level 2 of the Orcish Mines
 18642 | Orc:2    | Noticed an orc warlord
 18861 | Orc:1    | Killed an orc warlord
 18861 | Orc:1    | Reached skill level 11 in Maces & Flails
 18966 | Orc:1    | Reached skill level 11 in Axes
 19222 | Orc:1    | Reached skill level 5 in Slings
 19222 | Orc:1    | Reached skill level 7 in Invocations
 19973 | Orc:2    | Found Jaqau's General Store.
 19986 | Orc:2    | Reached ****** piety under Qazlal
 20250 | Orc:2    | Found Test's Jewellery Shop.
 20250 | Orc:2    | Found Laecam's General Store.
 20251 | Orc:2    | Found Plog's Distillery.
 20254 | Orc:2    | Found Zeopto's Food Boutique.
 20259 | Orc:2    | Bought a potion of heal wounds for 60 gold pieces
 20260 | Orc:2    | Bought a scroll of identify for 28 gold pieces
 20262 | Orc:2    | Bought a scroll of blinking for 105 gold pieces
 20472 | Orc:2    | Found a staircase to the Elven Halls.
 20523 | Orc:2    | Found Pigiteqa's Distillery.
 20527 | Orc:2    | Found Qouck's Armour Shop.
 20578 | Orc:2    | Found a gateway to a bazaar.
 20592 | Bazaar   | Entered a bazaar
 20623 | Bazaar   | Found Estuf's Weapon Shoppe.
 20651 | Bazaar   | Found Itsidiw's Magic Scroll Shop.
 20699 | Bazaar   | Found Legaf Funtut's Assorted Antiques.
 20707 | Bazaar   | Bought a pair of embroidered gloves for 112 gold pieces
 20769 | Bazaar   | Bought a scroll of enchant armour for 97 gold pieces
 20947 | Orc:2    | Bought a potion of curing for 36 gold pieces
 21301 | D:11     | Reached skill level 12 in Dodging
 21696 | D:11     | Found a glowing silver altar of Zin.
 22200 | D:12     | Noticed Frances
 22249 | D:12     | Killed Frances
 22524 | D:12     | Reached skill level 11 in Fighting
 22786 | D:13     | Reached skill level 13 in Armour
 22788 | D:13     | Reached XP level 15. HP: 113/129 MP: 19/19
 22961 | D:13     | Found a gate to the Vaults.
 22990 | D:13     | Noticed Sonja
 22990 | D:13     | Killed Sonja
 23097 | D:13     | Reached skill level 8 in Invocations
 23353 | D:13     | Found a shimmering altar of Xom.
 23353 | D:13     | Found a shimmering altar of Xom.
 23353 | D:13     | Found a shimmering altar of Xom.
 23354 | D:13     | Found a shimmering altar of Xom.
 23355 | D:13     | Found a shimmering altar of Xom.
 23355 | D:13     | Found a shimmering altar of Xom.
 23980 | D:14     | Reached skill level 12 in Axes
 24769 | D:15     | Entered Level 15 of the Dungeon
 24797 | D:15     | Reached skill level 12 in Fighting
 24948 | D:15     | Reached skill level 9 in Invocations
 24949 | D:15     | Reached skill level 13 in Dodging
 24988 | D:15     | Noticed Louise
 24993 | D:15     | Cast into level 2 of the Abyss (Louise)
 25157 | Abyss:2  | Noticed a tentacled starspawn
 25163 | Abyss:2  | Killed a tentacled starspawn
 25166 | Abyss:2  | Noticed a tentacled starspawn
 25172 | Abyss:2  | Killed a tentacled starspawn
 25172 | Abyss:2  | Reached skill level 14 in Armour
 25252 | D:15     | Escaped the Abyss
 25338 | D:15     | Cast into level 2 of the Abyss (Louise)
 25429 | Abyss:2  | Reached XP level 16. HP: 88/141 MP: 17/22
 25440 | Abyss:2  | Gained mutation: You are clumsy. (Dex -2) [a neqoxec]
 25452 | Abyss:2  | Noticed a tentacled starspawn
 25454 | Abyss:2  | Killed a tentacled starspawn
 25454 | Abyss:2  | Reached skill level 13 in Axes
 25626 | Abyss:2  | Gained mutation: You are partially covered in yellow scales. (AC +2) [a neqoxec]
 25773 | Abyss:2  | Noticed an ancient lich
 25811 | Abyss:2  | Killed an ancient lich
 25811 | Abyss:2  | Reached skill level 11 in Shields
 25811 | Abyss:2  | Reached skill level 10 in Invocations
 25849 | Abyss:2  | Reached skill level 13 in Fighting
 25928 | Abyss:2  | Noticed a lich
 25937 | Abyss:2  | Killed a lich
 25947 | Abyss:2  | HP: 12/143 [something (9)]
 25952 | Abyss:2  | Killed from afar by a smoke demon

Vanquished Creatures
  An ancient lich (Abyss:2)
  A lich (Abyss:2)
  Frances (D:12)
  3 tentacled starspawn (Abyss:2)
  An orc warlord (Orc:1)
  A stone giant (Orc:1)
  4 very ugly things (Abyss:2)
  An ophan (Abyss:2)
  An eidolon (Abyss:2)
  Erolcha (D:9)
  A rakshasa (D:13)
  An ogre mage (D:14)
  Harold (Lair:1)
  9 hydras
  A catoblepas (Lair:6)
  A centaur warrior (D:15)
  Erica (Lair:2)
  9 two-headed ogres
  2 dancing weapons (D:13)
  2 tengu warriors (D:14)
  A deep troll shaman (Lair:6)
  9 death yaks (Lair:6)
  3 hell hogs (Abyss:2)
  4 orc high priests (Orc:2)
  5 thrashing horrors (Abyss:2)
  Sonja (D:13)
  A sun demon (Abyss:2)
  3 wretched stars (Abyss:2)
  A sixfirhy (Abyss:2)
  9 skeletal warriors
  A glowing orange brain (Abyss:2)
  5 unseen horrors
  A harpy (shapeshifter) (D:14)
  4 orc knights
  An orc sorcerer (Orc:2)
  A deep elf mage (D:13)
  2 manticores
  11 ugly things
  9 large abominations (Abyss:2)
  3 cyclopes
  A black mamba (Lair:5)
  An apocalypse crab (Abyss:2)
  10 elephants
  Joseph (D:9)
  5 smoke demons (Abyss:2)
  2 gargoyles
  An ice statue (Lair:6)
  Psyche (D:9)
  2 orange demons (Abyss:2)
  A torpor snail (Lair:6)
  11 spiny frogs
  A yaktaur (D:15)
  A hellwing (Abyss:2)
  4 komodo dragons
  A kobold demonologist (D:13)
  A freezing wraith (Lair:6)
  7 ancient zymes (Abyss:2)
  A troll (shapeshifter) (D:15)
  A queen bee (Lair:3)
  6 trolls
  5 polar bears
  A hornet (D:10)
  A snapping turtle (Lair:4)
  8 blink frogs
  10 hippogriffs
  9 raiju (Abyss:2)
  12 dream sheep
  3 shadows
  A yak (shapeshifter) (D:13)
  42 yaks
  Sigmund (D:5)
  3 wyverns
  Eustachio (D:5)
  2 basilisks
  3 hungry ghosts
  2 chaos spawn (Abyss:2)
  A steam dragon (D:12)
  A human (shapeshifter) (D:13)
  3 neqoxecs (Abyss:2)
  8 vampire mosquitoes
  2 wargs (Orc:1)
  A soldier ant (D:15)
  An acid dragon (D:13)
  13 water moccasins
  10 porcupines
  39 orc warriors
  13 small abominations (Abyss:2)
  10 black bears
  2 hornet zombies
  9 ice beasts
  A necrophage (D:11)
  6 sky beasts
  5 ogres
  An eye of draining (D:14)
  A phantom (D:6)
  2 centaurs (D:15)
  17 crocodiles
  17 wolves
  4 big kobolds
  13 bullfrogs
  A gnoll sergeant (D:6)
  7 scorpions
  A wyvern skeleton (D:10)
  19 killer bees (Lair:3)
  7 wights
  2 howler monkeys
  2 electric eels (D:10)
  3 centaur zombies
  3 crimson imps
  3 bullfrog zombies
  A wyvern simulacrum (D:14)
  4 centaur skeletons
  11 jellies
  2 bullfrog skeletons
  32 orc priests
  15 hounds
  36 orc wizards
  3 iguanas
  2 iron imps (Abyss:2)
  Jessica (D:2)
  Ijyb (D:5)
  Terence (D:2)
  17 worker ants
  3 hound skeletons
  3 worker ant zombies
  10 adders
  6 gnolls
  A howler monkey skeleton (D:8)
  9 river rats (D:6)
  5 shadow imps
  A white imp (Abyss:2)
  An ufetubus (Abyss:2)
  8 oozes
  An adder zombie (D:7)
  3 adder skeletons
  3 worms (D:2)
  5 leopard geckos
  100 orcs
  4 ball pythons
  4 bats
  4 giant cockroaches
  13 goblins
  10 hobgoblins
  17 jackals
  14 kobolds
  11 quokkas
  4 frilled lizards
  A leopard gecko skeleton (D:6)
  A quokka skeleton (D:6)
  25 rats
  2 butterflies (Lair:1)
  A fungus (Lair:3)
  A lurking horror (Abyss:2)
  A plant (Lair:6)
  A starspawn tentacle (Abyss:2)
908 creatures vanquished.

Vanquished Creatures (collateral kills)
  A catoblepas (Lair:6)
  2 death yaks (Lair:6)
  A chaos spawn (Abyss:2)
4 creatures vanquished.

Vanquished Creatures (others)
  A hell hog (Abyss:2)
  A thrashing horror (Abyss:2)
  A warg (Orc:2)
  An orc warrior (Orc:2)
  2 orcs (Orc:2)
  19 fungi
  A lurking horror (Abyss:2)
  16 plants
  6 starspawn tentacles (Abyss:2)
48 creatures vanquished.

Grand Total: 960 creatures vanquished
